 Dungeon Crawl Stone Soup version 0.17-a0-1011-gfa70bdd (webtiles) character file.

117 Fluffy the Skirmisher (level 5, -1/47 HPs)
             Began as a Hill Orc Fighter on May 13, 2015.
             Slain by Pikel
             ... wielding a +1 whip of freezing
              (6 damage)
             ... on level 3 of the Dungeon.
             The game lasted 00:05:01 (2438 turns).

Fluffy the Skirmisher (Hill Orc Fighter)            Turns: 2438, Time: 00:05:01

Health: -1/47      AC:  9    Str: 24    XL:     5   Next: 1%
Magic:  5/5        EV:  5    Int:  8    God:
Gold:   131        SH:  9    Dex: 11    Spells: 0 memorised, 4 levels left

rFire  . . .     SeeInvis .     a - +0 war axe
rCold  . . .     Clarity  .     r - +0 chain mail
rNeg   . . .     SustAb   +     c - +0 shield
rPois  .         Gourm    .     (no helmet)
rElec  .         Spirit   .     (no cloak)
rCorr  .         Warding  .     (no gloves)
rMut   .         Stasis   .     (no boots)
MR     .....                    (no amulet)
Stlth  ..........               (no ring)
                                o - ring of sustain abilities

@: mighty, not resistant to hostile enchantments, extremely unstealthy
A: no striking features
a: no special abilities


You were on level 3 of the Dungeon.
You were hungry.

You visited 1 branch of the dungeon, and saw 4 of its levels.

You collected 131 gold pieces.

Inventory:

Hand weapons
 a - a +0 war axe (weapon)
Armour
 c - a +0 shield (worn)
 r - a +0 chain mail (worn)
Jewellery
 b - a +3 ring of strength {unknown}
 o - a ring of sustain abilities (left hand)
Scrolls
 h - 4 scrolls of teleportation {unknown}
 i - a scroll of fear {unknown}
 l - 3 scrolls of amnesia {unknown}
 m - 2 scrolls of fog {unknown}
 n - 2 scrolls of identify {unknown}
 t - a scroll of recharging {unknown}
Potions
 g - 2 potions of haste {unknown}
 k - a potion of brilliance {unknown}
 p - a potion of ambrosia {unknown}
 q - 3 potions of curing {unknown}
 s - a potion of cure mutation {unknown}
 u - 2 potions of heal wounds {unknown}
 v - 2 potions of lignification {unknown}
Comestibles
 e - 3 bread rations
 f - 2 fruits
 j - a slice of pizza


   Skills:
 + Level 4.9 Fighting
 + Level 4.5 Axes
 + Level 4.2 Armour
 - Level 3.2 Shields


You had 4 spell levels left.
You didn't know any spells.

Dungeon Overview and Level Annotations

Branches:
Dungeon (4/15)
 Temple: D:4-7

Altars:
Kikubaaqudgha
Ru

Annotations:
D:3 Pikel
D:4 Eustachio


Message History

Pikel is moderately wounded.
Pikel hits you with a whip of freezing!
* * * LOW HITPOINT WARNING * * *
Pikel freezes you.
* * * LOW HITPOINT WARNING * * *
You block Pikel's attack.
Drink which item? (? for menu, Esc to quit)
You feel very mighty all of a sudden.
Pikel says, "You'll fetch a fair price!"
Pikel hits you but does no damage.
You slash Pikel!
Pikel is heavily wounded.
Pikel hits you with a whip of freezing.
* * * LOW HITPOINT WARNING * * *
Pikel freezes you.
* * * LOW HITPOINT WARNING * * *
You closely miss Pikel.
Pikel is heavily wounded.
Pikel hits you with a whip of freezing.
You die...

#.# #.#.# #.# #.#
#.#.############.# #.#
#.#.#..........#.##### #.#
#.#.#.########.#...... #.#
#.#.#.# #.####### #.###
#.#.#.###### #.# ######...#
#..........# #.# .......#)#
#..<#.####.# #.# ########.#
#..>#@# #.# #.# # #.# #..p#K# #.#
#.# # #.###...#p# #.# #.# # #
#..(...(..# #.###.####### #
#..##(.(######.##......... #
#..##.....................
########...##..######.##..#######
....>....#.##..# #.##..# #
...........##..######.##..# #


You could see Pikel and a slave.

Vanquished Creatures
  A slave (D:3)
  3 adders
  3 worms
  2 giant geckos (D:2)
  6 orcs (D:3)
  15 goblins
  4 hobgoblins
  8 jackals (D:3)
  4 kobolds
  A quokka (D:3)
  A ball python (D:1)
  14 bats
  2 giant cockroaches (D:3)
  A giant newt (D:1)
  8 rats
73 creatures vanquished.

Notes
Turn   | Place    | Note
--------------------------------------------------------------
     0 | D:1      | Fluffy the Hill Orc Fighter began the quest for the Orb.
     0 | D:1      | Reached XP level 1. HP: 19/19 MP: 1/1
    98 | D:1      | Reached XP level 2. HP: 4/27 MP: 2/2
   111 | D:1      | Reached skill level 4 in Fighting
   488 | D:1      | Reached XP level 3. HP: 30/33 MP: 3/3
  1021 | D:2      | Reached XP level 4. HP: 41/41 MP: 4/4
  1428 | D:2      | Found a sacrificial altar of Ru.
  1564 | D:3      | Found an ancient bone altar of Kikubaaqudgha.
  2135 | D:3      | Reached XP level 5. HP: 47/47 MP: 5/5
  2275 | D:4      | Noticed a slave
  2279 | D:4      | Noticed Pikel
  2280 | D:4      | Noticed a slave
  2282 | D:4      | Noticed a slave
  2297 | D:3      | Killed a slave
  2420 | D:4      | Noticed Eustachio
  2420 | D:4      | Noticed a slave
  2438 | D:3      | Slain by Pikel

Vault maps used:
D:1:      dpeg_arrival_orchard
D:2:      wad_river_or_something, nicolae_ru_path_of_blood
D:3:      nicolae_overflow_crystal_walls
D:4:      zin_scriptorium, minmay_temple_entry_glassed_door, serial_shops, shop,
          first_bread, uniq_menkaure, uniq_crazy_yiuf_cottage, uniq_eustachio,
          uniq_pikel

Action                   |  1- 3 |  4- 6 || total
-------------------------+-------+-------++-------
Melee: War axe           |   125 |   155 ||   280
  Use: Potion            |       |     1 ||     1
  Eat: Chunk             |     1 |     4 ||     5
